 Dungeon Crawl Stone Soup version 0.29-a0-613-gf2c431b9b9 (webtiles) character file.

Game seed: 4511670830215193185

65695 ptdevnull the Bewitcher (level 14, -7/108 HPs)
             Began as a Vampire Enchanter on June 17, 2022.
             Was the Champion of Kikubaaqudgha.
             Mangled by an orc warrior
             ... wielding a +0 halberd
             ... led by an orc warlord
              (16 damage)
             ... on level 1 of the Orcish Mines.
             The game lasted 00:48:32 (22904 turns).

ptdevnull the Bewitcher (Vampire Enchanter)        Turns: 22904, Time: 00:48:33

Health: -7/108     AC: 10    Str:  7    XL:     14   Next: 76%
Magic:  17/26      EV: 22    Int: 19    God:    Kikubaaqudgha [******]
Gold:   1864       SH:  0    Dex: 18    Spells: 7/29 levels left

rFire   . . .      SeeInvis +   a - +11 dagger "Spider's Death Toll" {pain, Will++}
rCold   + . .      Faith    +   (no shield)
rNeg    . . .      Spirit   .   x - +3 leather armour
rPois   .          Reflect  .   X - +1 hat
rElec   .          Harm     .   (no cloak)
rCorr   .          Rampage  .   l - +1 pair of gloves
Will    +++..                   F - +0 pair of boots
Stlth   +++++.....              j - amulet of faith
HPRegen 0.48/turn               e - +4 ring of evasion
MPRegen 0.20/turn               i - ring of protection from cold

@: healing quickly, invisible
A: alive, fangs 3, see invisible, vampiric 2
a: Exsanguinate, Renounce Religion, Unearth Wretches, Torment, Brand Weapon With
Pain, Receive Forbidden Knowledge


You were on level 1 of the Orcish Mines.
You worshipped Kikubaaqudgha.
Kikubaaqudgha was exalted by your worship.
You visited 4 branches of the dungeon, and saw 19 of its levels.

You collected 1864 gold pieces.

Inventory:

Hand Weapons
 a - the +11 dagger "Spider's Death Toll" (weapon) {pain, Will++}
   (You found it on level 2 of the Dungeon)

   In the hands of one skilled in necromantic magic, it inflicts extra damage on
   living creatures.
   Will:      It greatly increases your willpower.
Missiles
 d - 3 javelins
 W - a throwing net
Armour
 l - a +1 pair of gloves (worn)
 x - a +3 leather armour (worn)
 F - a +0 pair of boots (worn)
 X - a +1 hat (worn)
Jewellery
 e - a +4 ring of evasion (left hand)
 i - a ring of protection from cold (right hand)
 j - an amulet of faith (around neck)
 G - a ring of fire
 M - a ring of wizardry
Wands
 t - a wand of light (10)
 E - a wand of flame (12) (quivered)
 H - a wand of polymorph (8)
 K - a wand of mindburst (14)
 S - a wand of iceblast (10)
 U - a wand of paralysis (10)
 V - a wand of digging (6)
Scrolls
 k - 5 scrolls of teleportation
 n - 2 scrolls of torment
 o - 6 scrolls of poison
 p - a scroll of fog
 u - 2 scrolls of vulnerability
 y - 3 scrolls of enchant weapon
 B - 4 scrolls of enchant armour
 D - 3 scrolls of amnesia
 I - 4 scrolls of immolation
 L - 4 scrolls of identify
 O - a scroll of brand weapon
 Q - a scroll of magic mapping
 R - 4 scrolls of fear
Potions
 c - 3 potions of invisibility
 f - 2 potions of heal wounds
 g - 2 potions of berserk rage
 h - 3 potions of might
 q - a potion of ambrosia
 r - 3 potions of attraction
 s - 5 potions of lignification
 v - a potion of magic
 A - 7 potions of curing
 C - 2 potions of haste
 J - 2 potions of mutation
 P - 2 potions of resistance
 T - 3 potions of brilliance
 Z - a potion of cancellation


   Skills:
 - Level 9.0 Fighting
 - Level 10.0 Short Blades
 - Level 12.0 Dodging
 - Level 12.0 Stealth
 + Level 8.1 Spellcasting
 - Level 18.0 Hexes
 + Level 12.5 Necromancy
 - Level 4.0 Ice Magic


You had 7 spell levels left.
You knew the following spells:

 Your Spells              Type           Power      Damage    Failure   Level
a - Ensorcelled Hibernat  Hex/Ice        98%        N/A       1%          2
b - Tukima's Dance        Hex            66%        N/A       1%          3
c - Confusing Touch       Hex            66%        N/A       1%          3
d - Sublimation of Blood  Necr           53%        N/A       1%          2
e - Necrotize             Necr           100%       1d9       1%          1
f - Vampiric Draining     Necr           53%        2d9       1%          3
g - Dispel Undead         Necr           53%        3d19      1%          4
h - Anguish               Hex/Necr       30%        N/A       1%          4

Your spell library contained the following spells:

 Spells                   Type           Power      Damage    Failure   Level
 Dazzling Flash           Conj/Hex       82%        N/A       1%          3
 Summon Guardian Golem    Hex/Summ       41%        N/A       1%          3
 Animate Dead             Necr           53%        N/A       1%          4
 Agony                    Necr           53%        N/A       2%          5
 Summon Mana Viper        Hex/Summ       41%        N/A       10%         5
 Death Channel            Necr           26%        N/A       12%         6
 Beastly Appendage        Tmut           14%        N/A       14%         1
 Blink                    Tloc           14%        N/A       21%         2
 Poisonous Vapours        Pois/Air       14%        N/A       21%         2
 Wereblood                Tmut           7%         N/A       21%         2
 Corpse Rot               Necr/Pois/Air  23%        N/A       24%         4
 Borgnjor's Vile Clutch   Necr/Erth      15%        N/A       28%         5
 Gell's Gravitas          Tloc           7%         N/A       38%         3
 Ignite Poison            Fire/Tmut/Pois 7%         N/A       38%         3
 Lesser Beckoning         Tloc           7%         N/A       38%         3
 Teleport Other           Tloc           7%         N/A       38%         3
 Summon Ice Beast         Ice/Summ       15%        N/A       52%         4
 Iskenderun's Mystic Bla  Conj/Tloc      7%         2d4       80%         4
 Alistair's Intoxication  Tmut/Pois      4%         N/A       98%         5
 Blade Hands              Tmut           3%         N/A       98%         5
 Manifold Assault         Tloc           7%         N/A       98%         5
 Starburst                Conj/Fire      3%         6d3       100%        6
 Statue Form              Tmut/Erth      4%         N/A       100%        6
 Haunt                    Necr/Summ      15%        N/A       100%        7
 Monstrous Menagerie      Summ           3%         N/A       100%        7
 Orb of Destruction       Conj           3%         9d5       100%        7
 Spellforged Servitor     Conj/Summ      3%         N/A       100%        7
 Storm Form               Tmut/Air       3%         N/A       100%        7
 Summon Hydra             Summ           3%         N/A       100%        7
 Infestation              Necr           26%        N/A       99%         8
 Chain Lightning          Conj/Air       3%         3d4       100%        9
 Fire Storm               Conj/Fire      3%         8d1       100%        9
 Shatter                  Erth           3%         3d7*      100%        9


Dungeon Overview and Level Annotations

Branches:
Dungeon (10/15)            Temple (1/1) D:6            Lair (6/6) D:10
  Swamp (0/4) Lair:3       Spider (0/4) Lair:3        Slime (0/5) Lair:5
    Orc (2/2) D:9             Elf (0/3) Orc:2

Altars:
Ashenzari
Cheibriados
Dithmenos
Elyvilon
Fedhas
Gozag
Hepliaklqana
Kikubaaqudgha
Makhleb
Nemelex Xobeh
Okawaru
Qazlal
Ru
Sif Muna
Trog
Uskayaw
Vehumet
Wu Jian
Xom
Yredelemnul
Zin
The Shining One

Shops:
Orc:2 :

Annotations:
D:6 2 transporters


Innate Abilities, Weirdness & Mutations

Your natural rate of healing is accelerated.
You have razor-sharp teeth.
You have supernaturally acute eyesight. (SInv)
You are afflicted with vampirism and can become a bat while bloodless.


Message History

The warg completely misses you. The warg closely misses you.
The orc warrior misses you.
Unknown command.
You puncture the warg!
The warg writhes in agony.
You bite the warg.
The warg is almost dead.
The orc warrior no longer looks unusually strong.
Unknown command.
Casting: Ensorcelled Hibernation (safe; 1% risk of failure)
Confirm with . or Enter, or press ? or * to list all spells.
Aiming: Vampiric Draining (safe; 1% risk of failure)
Press: ? - help, Shift-Dir - straight line, f - ogre
Aim: an ogre, wielding a +0 giant club (moderately wounded, can't see you)
You draw life force from the ogre!
You feel life coursing into your body. The warg bites you.
The warg barely misses you.
The orc warrior throws a boomerang.
The boomerang barely misses the warg.
The boomerang barely misses you. The orc warrior closely misses you.
The warg misses you. The ogre completely misses you.
Casting: Vampiric Draining (safe; 1% risk of failure)
Confirm with . or Enter, or press ? or * to list all spells.
Aiming: Vampiric Draining (safe; 1% risk of failure)
Press: ? - help, Shift-Dir - straight line, f/p - ogre
Aim: an ogre, wielding a +0 giant club (severely wounded, can't see you)
You draw life force from the ogre.
You feel life coursing into your body. The warg misses you. The warg bites you!
* * * LOW HITPOINT WARNING * * *
The orc warrior throws a boomerang.
The boomerang hits the orc warrior!
The orc warrior misses you. The warg misses you.
Casting: Vampiric Draining (safe; 1% risk of failure)
Confirm with . or Enter, or press ? or * to list all spells.
Aiming: Vampiric Draining (safe; 1% risk of failure)
Press: ? - help, Shift-Dir - straight line, f/p - ogre
Aim: an ogre, wielding a +0 giant club (severely wounded, can't see you)
You draw life force from the ogre.
You feel life coursing into your body. The warg bites you but does no damage.
The ogre hits you with a +0 giant club!
* * * LOW HITPOINT WARNING * * *
The warg bites you!
* * * LOW HITPOINT WARNING * * *
The orc warrior hits you from afar with a +0 halberd!
You die...
Kikubaaqudgha rasps: "You have failed me!
Welcome... death!"

##........
#........##.##.
#..#............
##...........#...
###.......#........
#........##........
#.......).#........
...#...))#.ho......
#.......@hoo.#.
#.......)O.#.o..
###......>.# #..
#..#...###
........#
.........#
...#......#
.......#### ....#


You could see 2 wargs, 4 orc warriors and an ogre (can't see you).

Vanquished Creatures
  2 orc warlords
  A catoblepas (Lair:6)
  4 hydras
  5 two-headed ogres
  6 death yaks (Lair:4)
  Sonja (Lair:4)
  A goliath frog (Lair:6)
  Pikel (D:6)
  An orc sorcerer (Orc:2)
  An orc knight (Orc:2)
  2 black mambas (Lair:6)
  25 elephants
  20 cane toads
  2 kobold demonologists (D:9)
  7 rime drakes
  7 komodo dragons
  3 trolls
  9 polar bears
  4 tyrant leeches
  38 blink frogs
  5 dream sheep (Lair:6)
  3 jumping spiders (Lair:3)
  3 culicivoras (Lair:3)
  A wraith (D:10)
  58 yaks
  6 basilisks
  3 humans (D:6)
  2 wyverns
  3 redbacks (Lair:3)
  5 vampire mosquitoes (Lair:6)
  A steam dragon (D:8)
  Edmund (D:5)
  3 wargs
  20 water moccasins
  An acid dragon (D:10)
  17 orc warriors
  A sky beast (D:7)
  4 black bears
  An ice beast (D:6)
  6 ogres
  3 centaurs
  4 wolves (Lair:1)
  6 kobold brigands
  18 bullfrogs
  2 necrophages (D:8)
  3 scorpions
  5 killer bees
  24 orc priests
  2 jellies (Lair:5)
  2 hounds
  An iguana (D:6)
  25 orc wizards
  Natasha (thrice) (D:2)
  4 hell rats (Lair:3)
  8 adders
  4 gnolls (D:6)
  5 white imps
  A worm (D:2)
  2 dart slugs (D:1)
  94 orcs
  10 endoplasms
  5 giant cockroaches
  12 goblins
  4 hobgoblins
  6 jackals
  16 kobolds
  7 quokkas
  7 ball pythons
  6 bats
  3 frilled lizards (D:1)
  4 rats
580 creatures vanquished.

Vanquished Creatures (collateral kills)
  An orc warrior (Orc:1)
  An ogre (Orc:1)
  An orc priest (Orc:1)
  2 orc wizards (Orc:1)
5 creatures vanquished.

Vanquished Creatures (others)
  A rime drake (Lair:5)
  An endoplasm (Lair:5)
  A hobgoblin (D:3)
  A bush (Lair:6)
  59 fungi
  122 plants
185 creatures vanquished.

Grand Total: 770 creatures vanquished

Notes
Turn   | Place    | Note
-------+----------+-------------------------------------------
     0 | D:1      | ptdevnull the Vampire Enchanter began the quest for the
                  | Orb.
     0 | D:1      | Reached XP level 1. HP: 13/13 MP: 3/3
    78 | D:1      | Reached XP level 2. HP: 13/19 MP: 5/5
   479 | D:1      | Gained mutation: You are afflicted with vampirism and can
                  | become a bat while bloodless. [Vampire growth]
   479 | D:1      | Reached XP level 3. HP: 24/24 MP: 6/6
   805 | D:2      | Identified the +11 dagger "Spider's Death Toll" {pain,
                  | Will++}
   869 | D:2      | Noticed Natasha
   875 | D:2      | Killed Natasha
   979 | D:2      | Found a basalt altar of Yredelemnul.
   991 | D:2      | Reached XP level 4. HP: 30/30 MP: 7/7
  1127 | D:2      | Learned a level 2 spell: Ensorcelled Hibernation
  1131 | D:2      | Learned a level 3 spell: Tukima's Dance
  1238 | D:2      | Noticed Natasha
  1246 | D:2      | Killed Natasha
  1247 | D:2      | Reached skill level 5 in Short Blades
  1389 | D:2      | Noticed Natasha
  1396 | D:2      | Killed Natasha
  1397 | D:2      | Reached XP level 5. HP: 27/35 MP: 8/8
  1651 | D:3      | Learned a level 3 spell: Confusing Touch
  1716 | D:3      | Reached XP level 6. HP: 23/41 MP: 6/9
  2147 | D:3      | Found a radiant altar of Vehumet.
  2296 | D:3      | Found a faded altar of an unknown god.
  2297 | D:3      | Noticed a shining eye
  2303 | D:3      | Noticed an eye of devastation
  2312 | D:3      | Noticed an eye of devastation
  2316 | D:3      | Noticed a shining eye
  2603 | D:4      | Reached XP level 7. HP: 42/46 MP: 10/10
  2795 | D:4      | Learned a level 2 spell: Sublimation of Blood
  3694 | D:5      | Entered Level 5 of the Dungeon
  4130 | D:5      | Reached skill level 10 in Short Blades
  4130 | D:5      | Reached XP level 8. HP: 52/52 MP: 11/11
  4155 | D:5      | Reached skill level 5 in Hexes
  4269 | D:5      | Noticed Edmund
  4271 | D:5      | Killed Edmund
  4272 | D:5      | Reached skill level 5 in Stealth
  4272 | D:5      | Reached skill level 6 in Hexes
  4710 | D:6      | Noticed Pikel
  4724 | D:6      | Killed Pikel
  4725 | D:6      | Reached skill level 8 in Hexes
  4844 | D:6      | Found a staircase to the Ecumenical Temple.
  4859 | Temple   | Entered the Ecumenical Temple
  5163 | Temple   | Became a worshipper of Kikubaaqudgha
  5272 | D:6      | Reached skill level 10 in Stealth
  5272 | D:6      | Reached XP level 9. HP: 57/58 MP: 12/12
  5283 | D:6      | Reached skill level 1 in Fighting
  5283 | D:6      | Reached skill level 1 in Necromancy
  5518 | D:6      | Found a transporter.
  5543 | D:6      | Found a transporter.
  5786 | D:7      | Reached * piety under Kikubaaqudgha
  5786 | D:7      | Received a gift from Kikubaaqudgha
  5789 | D:7      | Learned a level 1 spell: Necrotize
  6632 | D:8      | Reached skill level 5 in Dodging
  7049 | D:8      | Reached skill level 5 in Necromancy
  7235 | D:8      | Reached ** piety under Kikubaaqudgha
  7322 | D:8      | Reached XP level 10. HP: 67/72 MP: 13/13
  7393 | D:8      | Noticed a two-headed ogre
  7400 | D:8      | Killed a two-headed ogre
  7440 | D:9      | Noticed an orange demon
  7695 | D:9      | Found a staircase to the Orcish Mines.
  7727 | D:9      | Noticed a two-headed ogre
  7731 | D:9      | Killed a two-headed ogre
  7732 | D:9      | Reached skill level 5 in Fighting
  7773 | D:9      | Reached *** piety under Kikubaaqudgha
  7773 | D:9      | Received a gift from Kikubaaqudgha
  8468 | D:10     | Entered Level 10 of the Dungeon
  8494 | D:10     | Noticed a two-headed ogre
  8495 | D:10     | Noticed a two-headed ogre
  8770 | D:10     | Noticed a two-headed ogre
  8772 | D:10     | Killed a two-headed ogre
  8818 | D:10     | Killed a two-headed ogre
  8819 | D:10     | Reached XP level 11. HP: 34/83 MP: 3/14
  8875 | D:10     | Found a staircase to the Lair.
  9036 | D:10     | Reached **** piety under Kikubaaqudgha
  9651 | D:10     | Learned a level 3 spell: Vampiric Draining
  9675 | Lair:1   | Entered Level 1 of the Lair of Beasts
 10013 | Lair:1   | Reached skill level 1 in Ice Magic
 10722 | Lair:1   | Reached skill level 5 in Spellcasting
 11207 | Lair:1   | Learned a level 4 spell: Dispel Undead
 11310 | Lair:2   | Reached skill level 9 in Hexes
 11310 | Lair:2   | Reached XP level 12. HP: 40/72 MP: 11/21
 11628 | Lair:2   | Reached skill level 10 in Hexes
 11662 | Lair:2   | Reached ***** piety under Kikubaaqudgha
 11919 | Lair:1   | Reached skill level 11 in Hexes
 12159 | Lair:2   | Reached skill level 12 in Hexes
 12845 | Lair:2   | Reached skill level 13 in Hexes
 13665 | Lair:3   | Learned a level 4 spell: Anguish
 13914 | Lair:3   | Found a hole to the Spider Nest.
 14286 | Lair:3   | Noticed a six-headed hydra
 14292 | Lair:3   | Killed a six-headed hydra
 14379 | Lair:3   | Found a staircase to the Swamp.
 15281 | Lair:4   | Reached XP level 13. HP: 78/78 MP: 22/22
 15604 | Lair:4   | Reached skill level 14 in Hexes
 15657 | Lair:4   | Reached skill level 10 in Dodging
 15664 | Lair:4   | Reached skill level 10 in Necromancy
 15933 | Lair:4   | Noticed Sonja
 15940 | Lair:4   | Killed Sonja
 17393 | Lair:4   | Reached skill level 15 in Hexes
 17612 | Lair:5   | Reached ****** piety under Kikubaaqudgha
 17941 | Lair:5   | Found a staircase to the Slime Pits.
 18789 | Lair:6   | Entered Level 6 of the Lair of Beasts
 19286 | Lair:6   | Reached XP level 14. HP: 45/86 MP: 11/23
 19700 | Lair:6   | Reached skill level 16 in Hexes
 20138 | Lair:6   | Identified the -2 pair of boots of Nyf Uzi {rPois rF++
                  | Stlth+}
 20165 | Lair:6   | Got the Compendium of Flamy Changing
 20253 | Lair:6   | Identified the +5 chain mail of the End {-Tele Rampage
                  | Str+4}
 20325 | Lair:6   | Reached skill level 17 in Hexes
 21633 | Orc:1    | Entered Level 1 of the Orcish Mines
 21735 | Orc:2    | Entered Level 2 of the Orcish Mines
 21884 | Orc:2    | Found Fyweq's Book Boutique.
 22180 | Orc:2    | Found a staircase to the Elven Halls.
 22256 | Orc:2    | Noticed an orc warlord
 22832 | Orc:2    | Killed an orc warlord
 22833 | Orc:2    | Reached skill level 18 in Hexes
 22882 | Orc:1    | Noticed an orc warlord
 22895 | Orc:1    | Killed an orc warlord
 22904 | Orc:1    | Mangled by an orc warrior

Illustrated notes

Levels and vault maps discovered:
D:1:      heliophobic_arrival_glass_houses, layout_basic
D:2:      layout_basic, basic_altar, minmay_shallow_snake_nest, uniq_natasha
D:3:      layout_loops_cross, fiery_altar_vehumet,
          hellmonk_ecumenical_altar_watching_god, minmay_misc_feat_four_crosses
D:4:      layout_loops_corners, roderic_serpentine_path
D:5:      layout_basic, uniq_edmund
D:6:      gammafunk_steamed_eel, layout_cave_pools,
          minmay_temple_entry_gardened_gates, minmay_misc_feat_x,
          minmay_ruffians, uniq_pikel
D:7:      layout_loops_ring, chequers_arboretum
D:8:      layout_gridville, serial_glass, glass_columns_c, glass_columns_b
D:9:      layout_roguey, hiddenorc1_lemuel, dk_rats_in_the_wall
D:10:     layout_gridville, due_lair_maze_entry_diamond
Temple:   nicolae_temple_the_god_donut
Lair:1:   layout_regular_city
Lair:2:   layout_gridlike, serial_forest, infiniplex_forest_clump_diagonal,
          infiniplex_forest_end_1, infiniplex_forest_corner_1,
          infiniplex_forest_fountain, infiniplex_forest_end_3,
          infiniplex_forest_zigzag_1, serial_bayou_shore_b, grunt_megastairs_3,
          lemuel_fruit_fields
Lair:3:   layout_small_grid, minmay_swamp_entry_worms,
          nicolae_spider_entry_tight_spaces
Lair:4:   layout_cave_pods, ldierk_geyser, beast_lair_carwin_8,
          grunt_megastairs_1, uniq_sonja
Lair:5:   layout_roguey, nicolae_slime_entry_slimehenge, lemuel_old_faithful
Lair:6:   minmay_lair_end_frog_pond, layout_cave_pods
Orc:1:    layout_diamond_mine, nicolae_shop_firing_range
Orc:2:    st_orc_congregation, layout_diamond_mine, serial_shops,
          nicolae_shop_behind_doors, nicolae_orc_crystal_geode

Skill      XL: |  1  2  3  4  5  6  7  8  9 10 11 12 13 14 |
---------------+-------------------------------------------+-----
Short Blades   | 2 3 4 5 6 8 10 | 10.0
Hexes          | 8 9 13 15 18 | 18.0
Stealth        | 10 11 12 | 12.0
Fighting       | 4 6 7 9 |  9.0
Necromancy     | 5 7 9 11 12 | 12.5
Dodging        | 5 8 9 12 | 12.0
Ice Magic      | 4 |  4.0
Spellcasting   | 6 8 |  8.1

Action                   |  1- 3 |  4- 6 |  7- 9 | 10-12 | 13-15 || total
-------------------------+-------+-------+-------+-------+-------++-------
Melee: Dagger            |   107 |   146 |   262 |   634 |   849 ||  1998
       Bite              |    12 |     8 |    28 |    66 |   132 ||   246
       Punch             |     1 |       |       |     8 |    12 ||    21
 Cast: Ensorcelled Hiber |       |     1 |    17 |    22 |     9 ||    49
       Vampiric Draining |       |       |       |    19 |    41 ||    60
       Anguish           |       |       |       |       |     1 ||     1
 Abil: Exsanguinate      |       |       |       |     1 |       ||     1
       Revivify          |       |       |       |       |     1 ||     1
Evoke: Wand              |       |       |       |       |     2 ||     2
  Use: Scroll            |       |     5 |    14 |     4 |    15 ||    38
       Potion            |       |       |     1 |     1 |     3 ||     5
 Stab: Sleeping          |    12 |    10 |    21 |    35 |    29 ||   107
       Distracted        |       |       |       |     1 |     8 ||     9
       Invisible         |       |       |       |       |     3 ||     3
Armor: Robe              |    13 |     9 |       |       |       ||    22
       Leather armour    |       |       |    35 |    76 |   104 ||   215
Dodge: Dodged            |    55 |    69 |   122 |   390 |   543 ||  1179

Table legend: (Time is in decaauts)
 A = Elapsed time spent in this place.
 B = Non-inter-level travel time spent in this place.
 C = Inter-level travel time spent in this place.
 D = Time resting spent in this place.
 E = Time spent auto-exploring this place.
 F = Levels seen in this place.
 G = Mean time per level.
                   A        B        C        D        E       F      G
               +--------+--------+--------+--------+--------+-----+--------+
         Total |  22023 |  21124 |    899 |   3223 |  13893 |  19 | 1159.1 |
       Dungeon |   9128 |   8672 |    456 |    752 |   6224 |  10 |  912.8 |
        Temple |    318 |    291 |     27 |      0 |    273 |   1 |  318.0 |
          Lair |  11398 |  11023 |    375 |   2303 |   6789 |   6 | 1899.7 |
  Orcish Mines |   1177 |   1137 |     40 |    168 |    607 |   2 |  588.5 |
               +--------+--------+--------+--------+--------+-----+--------+

Top non-repeatable levels by time:
  Lair:4: 2144 daAuts
  Lair:3: 2086 daAuts
  Lair:5: 2061 daAuts
  Lair:1: 1997 daAuts
  Lair:6: 1896 daAuts
  Lair:2: 1212 daAuts
     D:4: 1181 daAuts
    D:10: 1051 daAuts
     D:8: 1017 daAuts
     D:5: 997 daAuts
     D:3: 970 daAuts
   Orc:2: 957 daAuts
     D:9: 940 daAuts
     D:7: 821 daAuts
     D:1: 767 daAuts
